 Dungeon Crawl Stone Soup version 0.19.5 (webtiles) character file.

5432 tognito the Fighter (level 10, 0/96 HPs)
             Began as a Minotaur Berserker on Apr 4, 2017.
             Was a High Priest of Trog.
             Killed from afar by a lava snake (17 damage)
             ... with a glob of lava
             ... on level 9 of the Dungeon.
             The game lasted 00:25:42 (8813 turns).

tognito the Fighter (Minotaur Berserker)            Turns: 8813, Time: 00:25:43

Health: 0/96       AC: 12    Str: 26    XL:     10   Next: 41%
Magic:  9/9        EV: 11    Int:  4    God:    Trog [*****.]
Gold:   539        SH:  5    Dex:  9    Spells: 0 memorised, 9 levels left

rFire  + . .     SeeInvis .     a - +0 battleaxe
rCold  + . .     Gourm    .     s - +0 chain mail {rF+}
rNeg   . . .     Faith    .     (shield currently unavailable)
rPois  .         Spirit   .     (helmet unavailable)
rElec  .         Reflect  +     N - +0 cloak
rCorr  .         Harm     .     (no gloves)
MR     +....                    (no boots)
Stlth  ..........               k - +5 amulet of reflection
                                B - ring of protection from magic
                                v - ring of protection from cold

@: no status effects
A: retaliatory headbutt, horns 3, wild magic 1, MP-powered wands
a: Berserk, Trog's Hand, Brothers in Arms, Burn Spellbooks, Renounce Religion


You were on level 9 of the Dungeon.
You worshipped Trog.
Trog was extremely pleased with you.
You were hungry.

You visited 1 branch of the dungeon, and saw 9 of its levels.

You collected 539 gold pieces.

Inventory:

Hand Weapons
 a - a +0 battleaxe (weapon)
 b - a +0 arbalest
Missiles
 d - 2 arrows
 q - 66 bolts
Armour
 s - a +0 chain mail of fire resistance (worn)
 D - a +0 plate armour
 N - a +0 cloak (worn)
Jewellery
 f - an uncursed ring of protection from cold
 k - a +5 amulet of reflection (around neck)
 u - an uncursed ring of flight
 v - a ring of protection from cold (left hand)
 B - a ring of protection from magic (right hand)
Wands
 G - a wand of paralysis (11/24)
 H - a wand of lightning (12/15)
 M - a wand of lightning (10/15)
Scrolls
 e - 4 scrolls of magic mapping {unknown}
 g - 2 scrolls of enchant weapon {unknown}
 i - 14 scrolls of identify
 j - a scroll of fear {unknown}
 l - 3 scrolls of teleportation {unknown}
 o - 3 scrolls of random uselessness {unknown}
 p - a scroll of noise {unknown}
 t - 3 scrolls of fog {unknown}
 w - 2 scrolls of amnesia {unknown}
 y - 5 scrolls of remove curse {unknown}
 E - 3 scrolls of recharging {unknown}
 F - 2 scrolls of immolation {unknown}
 O - a scroll of blinking {unknown}
Potions
 z - 6 potions of curing
 A - 2 potions of flight
 C - a potion of invisibility
 J - a potion of haste
 P - a potion of resistance
Comestibles
 c - 6 bread rations
 h - a royal jelly
 m - 4 beef jerkies
 n - 3 slices of pizza
 r - 2 meat rations
 x - 6 fruits


   Skills:
 * Level 11.3 Fighting
 * Level 11.2 Axes
 + Level 8.1 Armour
 + Level 7.0 Dodging


You had 9 spell levels left.
You didn't know any spells.

Dungeon Overview and Level Annotations

Branches:
Dungeon (9/15)             Temple (0/1) D:4             Orc (0/2) D:9
   Lair: D:8-11

Altars:
Ashenzari
Fedhas
Gozag
Hepliaklqana
Kikubaaqudgha
Vehumet
Yredelemnul
Zin

Shops:
D:6 *   D:7 [


Innate Abilities, Weirdness & Mutations

You reflexively headbutt those who attack you in melee.
You have a pair of large horns on your head.
Your spells are a little harder to cast, but a little more powerful.
You expend magic power (3 MP) to strengthen your wands.


Message History

The bolt of magma hits you! You partially resist.
* * * LOW HITPOINT WARNING * * *
You slash the molten gargoyle!
You destroy the molten gargoyle!
Trog accepts your kill.
You hear a sizzling splash.
Your Dodging skill increases to level 7!
You barely miss the lava snake. The lava snake barely misses you.
You closely miss the lava snake.
The lava snake bites you but does no damage.
You closely miss the lava snake. Your headbutt misses the lava snake.
The lava snake barely misses you.
A lava snake comes into view.
Your chain mail prevents you from hitting the lava snake.
The lava snake hisses angrily.
Your headbutt misses the lava snake. You block the lava snake's attack.
You miss the lava snake. Your headbutt misses the lava snake.
The lava snake spits lava at you. The glob of lava hits you!
You partially resist.
You die...

#.......# #..#.#.
#.#.#.########## #..#...
#...#.# ≈≈≈.... #..####
#####.# ≈≈≈.≈.. #...... #.#
§≈≈≈§§. #.##### #.#
≈S$≈§≈§###########.# #.#
≈$..§≈≈..§§§.§§....# # #.#
..>$.≈S..§§.§§§....# ### #
#.# ≈$$§§≈≈@.§§§§§§....# #..
### #.# §§§≈§≈≈###########.#
#.# ..# #.# §§§≈§≈. #.# #.#
#.# #.# §≈≈≈≈.. #.# #.# #.#
#.# ≈..≈... #.# #.# ..#
#.#####################.###.#
..#
#...........................#
..#
####################....#####
### ###...>###


You could see 2 lava snakes.

Vanquished Creatures
  Pikel (D:5)
  A molten gargoyle (D:9)
  Prince Ribbit (D:7)
  A hippogriff (D:9)
  A spriggan (D:9)
  Eustachio (D:5)
  2 hungry ghosts
  Duvessa (D:5)
  3 orc warriors
  5 ice beasts
  An ogre (D:9)
  A phantom (D:6)
  A necrophage (D:9)
  A sky beast (D:6)
  A centaur (D:6)
  4 bullfrogs
  2 big kobolds
  Dowan (D:5)
  3 scorpions
  4 killer bees (D:8)
  An electric eel (D:9)
  A howler monkey (D:9)
  A centaur zombie (D:8)
  4 crimson imps
  4 hounds
  5 orc priests
  8 orc wizards
  A centaur skeleton (D:7)
  3 iguanas
  Crazy Yiuf (D:7)
  2 bullfrog skeletons
  5 jellies
  6 worker ants
  A hound zombie (D:7)
  11 adders
  3 shadow imps
  2 white imps (D:9)
  A worker ant simulacrum (D:9)
  An ufetubus (D:9)
  An adder skeleton (D:8)
  5 worms
  4 dart slugs
  10 leopard geckos
  49 orcs
  12 bats
  8 giant cockroaches
  9 goblins
  13 hobgoblins
  9 jackals
  11 kobolds
  4 quokkas
  8 frilled lizards
  A quokka zombie (D:6)
  9 rats
250 creatures vanquished.

Vanquished Creatures (others)
  2 centaurs
  A shadow imp (D:5)
  A kobold (D:8)
4 creatures vanquished.

Grand Total: 254 creatures vanquished

Notes
Turn   | Place    | Note
-------+----------+-------------------------------------------
     0 | D:1      | tognito the Minotaur Berserker began the quest for the Orb.
     0 | D:1      | Reached XP level 1. HP: 19/19 MP: 0/0
    54 | D:1      | Reached XP level 2. HP: 4/27 MP: 1/1
    58 | D:1      | HP: 1/27 [dart slug (1)]
   361 | D:1      | Reached XP level 3. HP: 23/33 MP: 2/2
   362 | D:1      | Reached ** piety under Trog
  1109 | D:2      | Reached XP level 4. HP: 26/41 MP: 3/3
  1303 | D:2      | Found an ancient bone altar of Kikubaaqudgha.
  1753 | D:3      | Reached *** piety under Trog
  1841 | D:3      | Reached skill level 5 in Fighting
  1849 | D:3      | Reached XP level 5. HP: 32/48 MP: 4/4
  1858 | D:3      | Reached skill level 5 in Axes
  1905 | D:3      | Found a radiant altar of Vehumet.
  1919 | D:3      | Noticed an ice beast
  1934 | D:3      | Killed an ice beast
  1934 | D:3      | Reached XP level 6. HP: 38/57 MP: 5/5
  2878 | D:4      | Found a staircase to the Ecumenical Temple.
  2989 | D:4      | Reached **** piety under Trog
  3071 | D:4      | Found a shattered altar of Ashenzari.
  3327 | D:4      | Reached XP level 7. HP: 62/64 MP: 6/6
  3331 | D:4      | Found a blossoming altar of Fedhas.
  3416 | D:5      | Entered Level 5 of the Dungeon
  3572 | D:5      | Noticed Pikel
  3596 | D:5      | Killed Pikel
  3596 | D:5      | Reached skill level 5 in Armour
  3596 | D:5      | Reached XP level 8. HP: 51/74 MP: 7/7
  3627 | D:5      | Found a radiant altar of Vehumet.
  3630 | D:5      | Noticed Duvessa
  3632 | D:5      | Noticed Dowan
  3644 | D:5      | Killed Duvessa
  3656 | D:5      | Killed Dowan
  3661 | D:5      | Noticed Eustachio
  3689 | D:5      | Killed Eustachio
  3689 | D:5      | Reached skill level 5 in Dodging
  4308 | D:6      | Found an opulent altar of Gozag.
  4955 | D:6      | Reached XP level 9. HP: 64/82 MP: 8/8
  5306 | D:6      | Found Gozag's Platinum Reserve.
  5479 | D:7      | Found a glowing silver altar of Zin.
  5854 | D:7      | Noticed Prince Ribbit
  5862 | D:7      | Killed Prince Ribbit
  6427 | D:7      | Reached skill level 10 in Fighting
  6427 | D:7      | Reached skill level 10 in Axes
  6466 | D:7      | Found Suit's Armour Shop.
  6671 | D:7      | Found a runed door.
  6675 | D:7      | Noticed Crazy Yiuf
  6678 | D:7      | Killed Crazy Yiuf
  6878 | D:8      | Reached ***** piety under Trog
  7363 | D:8      | Reached XP level 10. HP: 81/94 MP: 9/9
  8135 | D:9      | Gained mutation: You expend magic power (3 MP) to strengthen your wands. [potion of mutation]
  8135 | D:9      | Gained mutation: You have a pair of large horns on your head. [potion of mutation]
  8135 | D:9      | Gained mutation: Your spells are a little harder to cast, but a little more powerful. [potion of mutation]
  8254 | D:9      | Found a staircase to the Orcish Mines.
  8322 | D:9      | Found a hazy altar of Hepliaklqana.
  8603 | D:9      | Found a basalt altar of Yredelemnul.
  8603 | D:9      | Found a blossoming altar of Fedhas.
  8802 | D:9      | Noticed a molten gargoyle
  8809 | D:9      | Killed a molten gargoyle
  8813 | D:9      | Killed from afar by a lava snake

Skill      XL: |  1  2  3  4  5  6  7  8  9 10 |
---------------+-------------------------------+-----
Fighting       | 4 5 6 7 8 10 11 | 11.3
Axes           | 4 5 6 7 8 10 11 | 11.2
Armour         | 3 4 5 6 7 8 |  8.1
Dodging        | 3 4 5 6 7 |  7.0

Action                   |  1- 3 |  4- 6 |  7- 9 | 10-12 || total
-------------------------+-------+-------+-------+-------++-------
Melee: Hand axe          |    72 |   204 |   123 |       ||   399
       Headbutt          |     9 |    40 |    56 |    15 ||   120
       War axe           |       |       |   120 |       ||   120
       Battleaxe         |       |       |    84 |    82 ||   166
 Fire: Shortbow          |       |       |    80 |    27 ||   107
       Arbalest          |       |       |       |     1 ||     1
Invok: Trog's Hand       |       |       |     2 |       ||     2
       Berserk           |       |       |     1 |       ||     1
  Use: Potion            |     3 |     6 |     1 |     5 ||    15
       Scroll            |       |       |       |     4 ||     4
  Eat: Chunk             |     1 |     7 |    13 |     5 ||    26
       Beef jerky        |       |       |     1 |       ||     1
       Fruit             |       |       |     1 |     2 ||     3
Armor: Animal skin       |    10 |       |       |       ||    10
       Ring mail         |    10 |    21 |       |       ||    31
       Chain mail        |       |    59 |   109 |     1 ||   169
       Plate armour      |       |       |     5 |    50 ||    55
Dodge: Dodged            |    46 |    67 |   150 |    40 ||   303
Block: Other             |     3 |    45 |    67 |    21 ||   136
       Reflection        |       |     1 |     8 |       ||     9
